Canucks vs Flames

Created - December 9, 2017 at 13:08

Goals
1 2 3 OT1 SO T
Canucks 0 1 3 0 3 5
Flames 0 3 1 0 2 4
Shots
1 2 3 OT1 SO T
Canucks 5 9 21 1 5 36
Flames 15 8 8 2 5 33

1st period

No Goal

Penalties :
Clarke MacArthur (Van) for Hooking (Minor) at 6:40, Milan Michalek (Van) for Roughing (Minor) at 13:13

2nd period

1. Canucks , Alex Goligoski 7 (Matt Stajan 12, Jiri Hudler 9) at 4:14 (PP)
2. Flames , David Backes 17 (Eric Staal 22) at 6:53
3. Flames , Lubomir Visnovsky 1 (Unassisted) at 9:55
4. Flames , David Backes 18 (Eric Staal 23, Lubomir Visnovsky 6) at 11:22

Penalties :
Brad Marchand (Cal) for High sticking (Minor) at 0:42, Alexander Semin (Cal) for Cross-checking (Minor) at 3:36, Matt Stajan (Van) for Cross-checking (Minor) at 7:30, Mikhail Grabovski (Cal) for Hooking (Minor) at 13:35

3rd period

5. Canucks , Clarke MacArthur 5 (Jiri Hudler 10, Matt Stajan 13) at 0:37
6. Canucks , Mike Ribeiro 10 (Patrik Elias 3, Maxim Lapierre 5) at 7:26
7. Canucks , Matt Stajan 7 (Jamie McBain 12, Lasse Kukkonen 7) at 11:22
8. Flames , Derek Meech 5 (Erik Johnson 11) at 12:41 (PP)

Penalties :
Steve Regier (Cal) for Goalie Interference (Minor) at 2:17, Ben Lovejoy (Van) for Tripping (Minor) at 2:37, Milan Michalek (Van) for Hooking (Minor) at 12:31

Overtime #1

No Goal

Penalties :
No Penalty

Shootout

Penalty Shot by Mike Ribeiro for Canucks - Goal!
Penalty Shot by Eric Staal for Flames - Goal!
Penalty Shot by Matt Stajan for Canucks - Stopped by Pekka Rinne
Penalty Shot by Alexander Semin for Flames - Stopped by Carey Price
Penalty Shot by Milan Michalek for Canucks - Goal!
Penalty Shot by David Backes for Flames - Goal!
Penalty Shot by Clarke MacArthur for Canucks - Shot Misses the Net
Penalty Shot by Patrik Berglund for Flames - Shot Misses the Net
Penalty Shot by Maxim Afinogenov for Canucks - Goal!
Penalty Shot by Brad Marchand for Flames - Stopped by Carey Price

Penalties :
No Penalty

Goalie Stats

Carey Price (Van), 29 saves from 33 shots - (0.879), W, 10-11-2, 65:00 minutes
Pekka Rinne (Cal), 32 saves from 36 shots - (0.889), OTL, 9-10-3, 65:00 minutes

Players Stats for Canucks

Player Name              G  A  P  +/- PIM S  H  SB GA TA FO     MP     PP MP  PK MP  
------------------------------------------------------------------------------------
Alex Goligoski           1  0  1   2  0   4  1  1  1  0  0/0    31:27   3:19   3:41 
Ben Lovejoy              0  0  0   2  2   2  2  1  0  2  0/0    28:17   3:18   3:23 
Cameron Schilling        0  0  0   0  0   0  0  0  0  0  0/0     2:48   0:00   0:00 
Clarke MacArthur         1  0  1   1  2   2  2  0  0  0  0/2    19:46   1:58   1:50 
Jamie McBain             0  1  1   0  0   4  0  0  0  2  0/0    22:43   1:37   2:46 
Jiri Hudler              0  2  2   1  0   2  1  0  0  0  1/3    15:19   1:58   0:00 
Lasse Kukkonen           0  1  1   0  0   0  1  0  0  0  0/0    22:49   1:37   2:46 
Matt Stajan              1  2  3   1  2   4  3  1  0  1  3/9    22:07   1:58   2:47 
Maxim Afinogenov         0  0  0  -1  0   2  0  1  0  0  0/1    18:34   2:57   0:00 
Maxim Lapierre           0  1  1   0  0   3  1  0  2  0  2/8    15:06   0:01   0:29 
Mike Ribeiro             1  0  1   0  0   2  3  1  0  0  16/37  28:32   2:57   3:46 
Milan Michalek           0  0  0  -1  4   3  2  0  0  0  2/4    21:59   2:57   1:16 
Nikolai Zherdev          0  0  0   0  0   0  0  0  0  0  0/0     4:49   0:01   0:00 
Patrik Elias             0  1  1   0  0   1  0  0  0  0  0/0     4:37   0:00   0:00 
Rene Bourque             0  0  0   0  0   0  2  0  0  0  1/1    16:13   0:00   2:46 
Ryan Hollweg             0  0  0  -1  0   1  0  0  1  0  2/3    14:29   0:01   0:00 
Sami Lepisto             0  0  0  -2  0   3  0  0  0  0  0/0    10:48   0:00   0:00 
Tom Poti                 0  0  0  -2  0   3  0  1  1  0  0/0    11:26   0:00   0:18 

Players Stats for Flames

Player Name              G  A  P  +/- PIM S  H  SB GA TA FO     MP     PP MP  PK MP  
------------------------------------------------------------------------------------
Alexander Semin          0  0  0   0  2   3  2  0  0  1  3/3    24:40   3:39   1:50 
Brad Marchand            0  0  0  -1  2   3  3  0  1  0  2/2    15:50   0:00   1:08 
Brendan Mikkelson        0  0  0   0  0   1  1  0  0  0  0/0    12:59   2:03   0:00 
David Backes             2  0  2   0  0   4  3  0  0  0  0/4    21:54   3:19   2:36 
Derek Meech              1  0  1  -1  0   1  2  1  0  1  0/0    28:18   4:04   1:20 
Eric Staal               0  2  2   0  0   1  3  0  0  1  18/35  23:13   3:39   0:22 
Erik Johnson             0  1  1  -1  0   5  1  0  0  0  0/0    26:58   4:04   0:00 
Jonathan Ferland         0  0  0   0  0   0  1  0  0  0  0/0     6:20   0:00   0:00 
Jordin Tootoo            0  0  0  -1  0   3  0  0  2  0  0/0    20:24   2:48   2:36 
Lubomir Visnovsky        1  1  2   1  0   1  3  1  0  0  0/0    17:53   0:00   1:20 
Marcel Goc               0  0  0   1  0   3  0  0  0  0  5/5    12:20   0:00   0:00 
Michel Ouellet           0  0  0   1  0   1  1  1  0  0  2/2    11:54   0:00   0:00 
Mikhail Grabovski        0  0  0   0  2   2  0  3  1  0  2/5     7:28   0:00   1:13 
Noah Welch               0  0  0   0  0   0  1  0  0  0  0/0     8:28   2:03   0:00 
Patrik Berglund          0  0  0  -1  0   1  1  2  0  0  9/12   17:31   2:48   0:00 
Ron Hainsey              0  0  0   0  0   0  0  0  0  0  0/0    17:36   0:20   3:36 
Steve Eminger            0  0  0   1  0   2  1  4  0  1  0/0    23:43   0:20   3:36 
Steve Regier             0  0  0   0  2   2  2  0  1  1  0/0    15:51   3:08   0:07 

3 Stars

1 - David Backes (Cal)
2 - Matt Stajan (Van)
3 - Lubomir Visnovsky (Cal)

Power Play

Canucks - 1 on 5 Attempt(s) - 20.00%
Flames - 1 on 5 Attempt(s) - 20.00%

Penalty Kill

Canucks - 4 on 5 Attempt(s) - 80.00% - Score 0 goal in Penalty Kill
Flames - 4 on 5 Attempt(s) - 80.00% - Score 0 goal in Penalty Kill

Team Stat

Canucks - Hits : 18 - Faceoff Wins : 27 - Blocked Shots : 6 - Penalty Minutes : 10
Flames - Hits : 25 - Faceoff Wins : 41 - Blocked Shots : 12 - Penalty Minutes : 8

Official

Referees : Charron Francis and Kimmerly Greg
Linesman : Tim Nowak and Brian Murphy

Game Notes

9:55 of 2nd period - Penalty Shot by Lubomir Visnovsky for Flames - Goal!

Finance

Level 1 -- Attendance: 5890 (98.17%) -- Ticket Income $524,210
Level 2 -- Attendance: 3363 (67.26%) -- Ticket Income $205,143
Level 3 -- Attendance: 1871 (93.55%) -- Ticket Income $69,227
Level 4 -- Attendance: 3459 (86.48%) -- Ticket Income $89,934
Luxury Box -- Attendance: 874 (87.40%) -- Ticket Income $142,462
Game was played at the Metal Center.
Total Attendance: 15457 (85.87%)
Total Ticket Income: $1,030,976
Other Income: $154,646
Total Income: $1,185,622

Canucks

5 vs 5 Forward 
   Center                   Left Wing                Right Wing               Time % Phy DF OF 
 1 Mike Ribeiro             Milan Michalek           Maxim Afinogenov         40     1   2  2  
 2 Matt Stajan              Clarke MacArthur         Jiri Hudler              30     1   2  2  
 3 Maxim Lapierre           Ryan Hollweg             Rene Bourque             20     1   2  2  
 4 Mike Ribeiro             Patrik Elias             Nikolai Zherdev          10     1   2  2  

5 vs 5 Defense 
   Defense                  Defense                                           Time % Phy DF OF 
 1 Alex Goligoski           Ben Lovejoy                                       40     1   2  2  
 2 Lasse Kukkonen           Jamie McBain                                      30     1   2  2  
 3 Tom Poti                 Sami Lepisto                                      20     1   2  2  
 4 Cameron Schilling        Alex Goligoski                                    10     1   2  2  

PowerPlay Forward 
   Center                   Left Wing                Right Wing               Time % Phy DF OF 
 1 Mike Ribeiro             Milan Michalek           Maxim Afinogenov         60     1   2  2  
 2 Matt Stajan              Clarke MacArthur         Jiri Hudler              40     1   2  2  

PowerPlay Defense
   Defense                  Defense                                           Time % Phy DF OF 
 1 Alex Goligoski           Ben Lovejoy                                       60     1   2  2  
 2 Lasse Kukkonen           Jamie McBain                                      40     1   2  2  

Penalty Kill 4 Players Forward 
   Center                   Wing                     Time % Phy DF OF 
 1 Mike Ribeiro             Matt Stajan              60     1   2  2  
 2 Milan Michalek           Clarke MacArthur         40     1   2  2  

Penalty Kill 4 Players Defense
   Defense                  Defense                  Time % Phy DF OF 
 1 Alex Goligoski           Ben Lovejoy              60     1   2  2  
 2 Lasse Kukkonen           Jamie McBain             40     1   2  2  

Penalty Kill - 3 Players Forward 
   Forward                                           Time % Phy DF OF 
 1 Mike Ribeiro                                      60     1   2  2  
 2 Matt Stajan                                       40     1   2  2  

Penalty Kill - 3 Players Defense
   Defense                  Defense                  Time % Phy DF OF 
 1 Alex Goligoski           Ben Lovejoy              60     1   2  2  
 2 Lasse Kukkonen           Jamie McBain             40     1   2  2  

4 vs 4 Forward 
   Center                   Wing                     Time % Phy DF OF 
 1 Mike Ribeiro             Matt Stajan              60     1   2  2  
 2 Milan Michalek           Clarke MacArthur         40     1   2  2  

4 vs 4 Defense
   Defense                  Defense                  Time % Phy DF OF 
 1 Alex Goligoski           Ben Lovejoy              60     1   2  2  
 2 Lasse Kukkonen           Jamie McBain             40     1   2  2  

Last Minutes Offensive
   Center                   Left Wing                Right Wing               Defense                  Defense                  
   Mike Ribeiro             Milan Michalek           Maxim Afinogenov         Alex Goligoski           Ben Lovejoy              

Last Minutes Defensive
   Center                   Left Wing                Right Wing               Defense                  Defense                  
   Mike Ribeiro             Milan Michalek           Maxim Afinogenov         Alex Goligoski           Ben Lovejoy              

Goaltenders
Starting : Carey Price              
Backup : Karri Ramo               

Extra Forwards
Normal : Maxim Lapierre, Ryan Hollweg, Rene Bourque - PP : Maxim Lapierre, Ryan Hollweg - PK : Rene Bourque
Extra Defensemen
Normal : Tom Poti, Sami Lepisto, Cameron Schilling - PP : Tom Poti - PK : Sami Lepisto, Cameron Schilling
Penalty Shots
Mike Ribeiro, Matt Stajan, Milan Michalek, Clarke MacArthur, Maxim Afinogenov

Scratches
Nik Antropov (Healthy)

Flames

5 vs 5 Forward 
   Center                   Left Wing                Right Wing               Time % Phy DF OF 
 1 Eric Staal               Alexander Semin          David Backes             41     1   2  2  
 2 Patrik Berglund          Brad Marchand            Jordin Tootoo            33     1   2  2  
 3 Marcel Goc               Steve Regier             Michel Ouellet           18     1   2  2  
 4 Mikhail Grabovski        Noah Welch               Jonathan Ferland         8      1   2  2  

5 vs 5 Defense 
   Defense                  Defense                                           Time % Phy DF OF 
 1 Derek Meech              Erik Johnson                                      38     1   2  2  
 2 Lubomir Visnovsky        Steve Eminger                                     29     1   2  2  
 3 Ron Hainsey              Brendan Mikkelson                                 23     1   2  2  
 4 Lubomir Visnovsky        Steve Eminger                                     10     1   2  2  

PowerPlay Forward 
   Center                   Left Wing                Right Wing               Time % Phy DF OF 
 1 Eric Staal               Alexander Semin          David Backes             60     1   1  3  
 2 Patrik Berglund          Steve Regier             Jordin Tootoo            40     1   1  3  

PowerPlay Defense
   Defense                  Defense                                           Time % Phy DF OF 
 1 Derek Meech              Erik Johnson                                      60     1   1  3  
 2 Noah Welch               Brendan Mikkelson                                 40     1   1  3  

Penalty Kill 4 Players Forward 
   Center                   Wing                     Time % Phy DF OF 
 1 Mikhail Grabovski        Alexander Semin          50     1   3  1  
 2 David Backes             Jordin Tootoo            50     1   3  1  

Penalty Kill 4 Players Defense
   Defense                  Defense                  Time % Phy DF OF 
 1 Ron Hainsey              Steve Eminger            58     1   3  1  
 2 Derek Meech              Lubomir Visnovsky        42     1   3  1  

Penalty Kill - 3 Players Forward 
   Forward                                           Time % Phy DF OF 
 1 Eric Staal                                        50     1   3  1  
 2 Alexander Semin                                   50     1   3  1  

Penalty Kill - 3 Players Defense
   Defense                  Defense                  Time % Phy DF OF 
 1 Ron Hainsey              Steve Eminger            58     1   3  1  
 2 Derek Meech              Lubomir Visnovsky        42     1   3  1  

4 vs 4 Forward 
   Center                   Wing                     Time % Phy DF OF 
 1 Eric Staal               Alexander Semin          60     1   2  2  
 2 Patrik Berglund          Jordin Tootoo            40     1   2  2  

4 vs 4 Defense
   Defense                  Defense                  Time % Phy DF OF 
 1 Derek Meech              Erik Johnson             60     1   2  2  
 2 Ron Hainsey              Steve Eminger            40     1   2  2  

Last Minutes Offensive
   Center                   Left Wing                Right Wing               Defense                  Defense                  
   Eric Staal               Alexander Semin          David Backes             Derek Meech              Erik Johnson             

Last Minutes Defensive
   Center                   Left Wing                Right Wing               Defense                  Defense                  
   Eric Staal               Alexander Semin          David Backes             Derek Meech              Erik Johnson             

Goaltenders
Starting : Pekka Rinne              
Backup : Josh Harding             

Extra Forwards
Normal : Brad Marchand, Jordin Tootoo, Patrik Berglund - PP : Brad Marchand, Jordin Tootoo - PK : Brad Marchand
Extra Defensemen
Normal : Derek Meech, Steve Eminger, Lubomir Visnovsky - PP : Derek Meech - PK : Erik Johnson, Derek Meech
Penalty Shots
Eric Staal, Alexander Semin, David Backes, Patrik Berglund, Brad Marchand

Scratches
Colin Wilson (Healthy)

% Time on Ice - Canucks

Lines # - Real PCT - Wanted PCT - Time Play
Normal Forward
1 - 34% - 40% - 15:54
2 - 31% - 30% - 14:20
3 - 26% - 20% - 12:07
4 - 10% - 10% - 4:37
Normal Defense
1 - 40% - 40% - 18:49
2 - 33% - 30% - 15:42
3 - 21% - 20% - 9:39
4 - 6% - 10% - 2:48
PP Forward
1 - 60% - 60% - 2:58
2 - 40% - 40% - 1:58
PP Defense
1 - 67% - 60% - 3:19
2 - 33% - 40% - 1:37
PK Forward
1 - 74% - 60% - 4:46
2 - 26% - 40% - 1:41
PK Defense
1 - 57% - 60% - 3:41
2 - 43% - 40% - 2:46
PK3 Forward
1 - 0% - 60%
2 - 0% - 40%
PK3 Defense
1 - 0% - 60%
2 - 0% - 40%
44 Forward
1 - 68% - 60% - 4:30
2 - 32% - 40% - 2:09
44 Defense
1 - 54% - 60% - 3:36
2 - 46% - 40% - 3:03
Last Minute Offensive  - 0:00
Last Minute Defensive  - 0:00
Total
Forward - 65:00
Defense - 65:00

% Time on Ice - Flames

Lines # - Real PCT - Wanted PCT - Time Play
Normal Forward
1 - 35% - 41% - 16:24
2 - 27% - 33% - 12:28
3 - 25% - 18% - 11:54
4 - 13% - 8% - 6:12
Normal Defense
1 - 42% - 38% - 19:51
2 - 30% - 29% - 14:03
3 - 22% - 23% - 10:26
4 - 6% - 10% - 2:38
PP Forward
1 - 57% - 60% - 3:39
2 - 43% - 40% - 2:48
PP Defense
1 - 63% - 60% - 4:04
2 - 37% - 40% - 2:23
PK Forward
1 - 47% - 50% - 2:20
2 - 53% - 50% - 2:36
PK Defense
1 - 73% - 58% - 3:36
2 - 27% - 42% - 1:20
PK3 Forward
1 - 0% - 50%
2 - 0% - 50%
PK3 Defense
1 - 0% - 58%
2 - 0% - 42%
44 Forward
1 - 76% - 60% - 5:05
2 - 24% - 40% - 1:34
44 Defense
1 - 51% - 60% - 3:25
2 - 49% - 40% - 3:14
Last Minute Offensive  - 0:00
Last Minute Defensive  - 0:00
Total
Forward - 65:00
Defense - 65:00

Play by Play

1st period


0:01 of 1st period - Eric Staal wins face-off versus Mike Ribeiro in neutral zone.
1:15 of 1st period - Wrist shot by Mikhail Grabovski.
1:15 of 1st period - Stopped by Carey Price without a rebound.
1:16 of 1st period - Mike Ribeiro wins face-off versus Eric Staal in Canucks zone.
1:16 of 1st period - Mike Ribeiro is hit by Eric Staal.
1:30 of 1st period - Slapshot by Alexander Semin.
1:30 of 1st period - Shot Blocked by Tom Poti.
1:42 of 1st period - Brendan Mikkelson is hit by Jiri Hudler and loses puck.
3:15 of 1st period - Jiri Hudler is hit by Patrik Berglund and loses puck.
5:00 of 1st period - Patrik Elias is hit by Brad Marchand and loses puck.
5:18 of 1st period - Slapshot by Marcel Goc.
5:18 of 1st period - Stopped by Carey Price without a rebound.
5:19 of 1st period - Michel Ouellet wins face-off versus Matt Stajan in Canucks zone.
5:20 of 1st period - Snap shot by Steve Regier.
5:20 of 1st period - Shot Misses the Net.
5:22 of 1st period - Slapshot by Erik Johnson.
5:22 of 1st period - Stopped by Carey Price with a rebound.
5:24 of 1st period - Wrist shot by Marcel Goc.
5:24 of 1st period - Stopped by Carey Price without a rebound.
5:25 of 1st period - Matt Stajan wins face-off versus Eric Staal in Canucks zone.
5:48 of 1st period - Wrist shot by Maxim Afinogenov.
5:48 of 1st period - Shot Blocked by Derek Meech.
5:56 of 1st period - Slapshot by Erik Johnson.
5:56 of 1st period - Deflect By Jamie McBain.
5:56 of 1st period - Stopped by Carey Price without a rebound.
5:57 of 1st period - Eric Staal wins face-off versus Mike Ribeiro in Canucks zone.
6:00 of 1st period - Snap shot by David Backes.
6:00 of 1st period - Shot Misses the Net.
6:02 of 1st period - Snap shot by David Backes.
6:02 of 1st period - Stopped by Carey Price with a rebound.
6:40 of 1st period - Minor Penalty to Clarke MacArthur for Hooking.
6:41 of 1st period - Mike Ribeiro wins face-off versus Eric Staal in Canucks zone.
6:45 of 1st period - Matt Stajan is hit by David Backes.
7:07 of 1st period - Mike Ribeiro is hit by Steve Regier.
7:31 of 1st period - Slapshot by Jamie McBain.
7:31 of 1st period - Stopped by Pekka Rinne with a rebound.
8:01 of 1st period - Rene Bourque is hit by Derek Meech.
8:08 of 1st period - Icing by David Backes.
8:09 of 1st period - Patrik Berglund wins face-off versus Mike Ribeiro in Flames zone.
8:40 of 1st period - Penalty to Clarke MacArthur is over, Clarke MacArthur is back on ice.
8:47 of 1st period - Tom Poti is hit by Brad Marchand and loses puck.
10:51 of 1st period - Slapshot by Mikhail Grabovski.
10:51 of 1st period - Shot Misses the Net.
10:53 of 1st period - Slapshot by Steve Eminger.
10:53 of 1st period - Stopped by Carey Price without a rebound.
10:54 of 1st period - Patrik Berglund wins face-off versus Jiri Hudler in Canucks zone.
11:05 of 1st period - Slapshot by Brad Marchand.
11:05 of 1st period - Shot Misses the Net.
11:41 of 1st period - Maxim Afinogenov is hit by Steve Regier and loses puck.
11:56 of 1st period - Patrik Elias is hit by Noah Welch and loses puck.
12:01 of 1st period - Wrist shot by Mikhail Grabovski.
12:01 of 1st period - Stopped by Carey Price without a rebound.
12:02 of 1st period - Eric Staal wins face-off versus Maxim Lapierre in Canucks zone.
12:48 of 1st period - Wrist shot by Mike Ribeiro.
12:48 of 1st period - Shot Misses the Net.
12:50 of 1st period - Wrist shot by Tom Poti.
12:50 of 1st period - Deflect By Ron Hainsey.
12:50 of 1st period - Stopped by Pekka Rinne without a rebound.
12:51 of 1st period - Marcel Goc wins face-off versus Mike Ribeiro in Flames zone.
12:56 of 1st period - Slapshot by Erik Johnson.
12:56 of 1st period - Stopped by Carey Price without a rebound.
12:57 of 1st period - Eric Staal wins face-off versus Mike Ribeiro in Canucks zone.
13:13 of 1st period - Minor Penalty to Milan Michalek for Roughing.
13:14 of 1st period - Eric Staal wins face-off versus Mike Ribeiro in Canucks zone.
13:18 of 1st period - Slapshot by Eric Staal.
13:18 of 1st period - Stopped by Carey Price without a rebound.
13:19 of 1st period - Eric Staal wins face-off versus Mike Ribeiro in Canucks zone.
13:20 of 1st period - Wrist shot by Alexander Semin.
13:20 of 1st period - Shot Blocked by Mike Ribeiro.
13:30 of 1st period - Slapshot by Erik Johnson.
13:30 of 1st period - Stopped by Carey Price with a rebound.
14:03 of 1st period - Slapshot by Erik Johnson.
14:03 of 1st period - Deflect By Steve Regier.
14:03 of 1st period - Shot Misses the Net.
14:03 of 1st period - Puck is out of play.
14:04 of 1st period - Patrik Berglund wins face-off versus Mike Ribeiro in Canucks zone.
14:05 of 1st period - Wrist shot by Steve Regier.
14:05 of 1st period - Stopped by Carey Price with a rebound.
14:07 of 1st period - Slapshot by Steve Regier.
14:07 of 1st period - Shot Misses the Net.
14:09 of 1st period - Wrist shot by Jordin Tootoo.
14:09 of 1st period - Shot Misses the Net.
15:13 of 1st period - Penalty to Milan Michalek is over, Milan Michalek is back on ice.
15:34 of 1st period - Icing by Rene Bourque.
15:35 of 1st period - Marcel Goc wins face-off versus Maxim Lapierre in Canucks zone.
16:01 of 1st period - Slapshot by Alexander Semin.
16:01 of 1st period - Deflect By Eric Staal.
16:01 of 1st period - Shot Blocked by Matt Stajan.
16:01 of 1st period - Puck is out of play.
16:02 of 1st period - Jiri Hudler wins face-off versus Eric Staal in Canucks zone.
16:09 of 1st period - Wrist shot by Matt Stajan.
16:09 of 1st period - Stopped by Pekka Rinne without a rebound.
16:10 of 1st period - Eric Staal wins face-off versus Jiri Hudler in Flames zone.
16:10 of 1st period - Eric Staal is hit by Matt Stajan.
16:18 of 1st period - Ben Lovejoy is hit by Alexander Semin and loses puck.
16:25 of 1st period - Snap shot by Alexander Semin.
16:25 of 1st period - Stopped by Carey Price with a rebound.
16:45 of 1st period - Slapshot by Brad Marchand.
16:45 of 1st period - Shot Blocked by Maxim Afinogenov.
16:47 of 1st period - Wrist shot by Patrik Berglund.
16:47 of 1st period - Shot Hit the Post.
17:35 of 1st period - Snap shot by Jiri Hudler.
17:35 of 1st period - Stopped by Pekka Rinne with a rebound.
17:57 of 1st period - Snap shot by Milan Michalek.
17:57 of 1st period - Shot Blocked by Patrik Berglund.
18:13 of 1st period - Wrist shot by Steve Regier.
18:13 of 1st period - Shot Misses the Net.
18:15 of 1st period - Snap shot by Steve Regier.
18:15 of 1st period - Stopped by Carey Price without a rebound.
18:16 of 1st period - Marcel Goc wins face-off versus Matt Stajan in Canucks zone.
18:33 of 1st period - Wrist shot by Matt Stajan.
18:33 of 1st period - Stopped by Pekka Rinne with a rebound.
19:16 of 1st period - Steve Regier is hit by Maxim Lapierre and loses puck.
19:35 of 1st period - Wrist shot by Rene Bourque.
19:35 of 1st period - Shot Misses the Net.
19:43 of 1st period - Maxim Lapierre is hit by Michel Ouellet and loses puck.
19:52 of 1st period - Snap shot by Marcel Goc.
19:52 of 1st period - Stopped by Carey Price without a rebound.
19:53 of 1st period - Mike Ribeiro wins face-off versus Eric Staal in Canucks zone.
Goals for this period are 0 for Canucks vs 0 for Flames.
Shots for this period are 5 for Canucks vs 15 for Flames.

2nd period


0:01 of 2nd period - Mike Ribeiro wins face-off versus Eric Staal in neutral zone.
0:30 of 2nd period - Snap shot by Matt Stajan.
0:30 of 2nd period - Shot Misses the Net.
0:32 of 2nd period - Snap shot by Clarke MacArthur.
0:32 of 2nd period - Stopped by Pekka Rinne with a rebound.
0:42 of 2nd period - Minor Penalty to Brad Marchand for High sticking.
0:43 of 2nd period - Mikhail Grabovski wins face-off versus Mike Ribeiro in Flames zone.
0:43 of 2nd period - Mikhail Grabovski is hit by Mike Ribeiro.
1:09 of 2nd period - Ben Lovejoy is hit by David Backes and loses puck.
1:18 of 2nd period - Slapshot by Clarke MacArthur.
1:18 of 2nd period - Shot Blocked by Steve Eminger.
1:36 of 2nd period - Derek Meech is hit by Mike Ribeiro and loses puck.
1:41 of 2nd period - Slapshot by Alex Goligoski.
1:41 of 2nd period - Shot Misses the Net.
2:42 of 2nd period - Penalty to Brad Marchand is over, Brad Marchand is back on ice.
2:46 of 2nd period - Off-side.
2:47 of 2nd period - Marcel Goc wins face-off versus Maxim Lapierre in neutral zone.
2:52 of 2nd period - Slapshot by Erik Johnson.
2:52 of 2nd period - Deflect By Michel Ouellet.
2:52 of 2nd period - Stopped by Carey Price without a rebound.
2:53 of 2nd period - Marcel Goc wins face-off versus Maxim Lapierre in Canucks zone.
3:03 of 2nd period - Snap shot by Maxim Lapierre.
3:03 of 2nd period - Stopped by Pekka Rinne without a rebound.
3:04 of 2nd period - Mike Ribeiro wins face-off versus Eric Staal in Flames zone.
3:05 of 2nd period - Slapshot by Alex Goligoski.
3:05 of 2nd period - Shot Misses the Net.
3:07 of 2nd period - Slapshot by Alex Goligoski.
3:07 of 2nd period - Stopped by Pekka Rinne with a rebound.
3:36 of 2nd period - Minor Penalty to Alexander Semin for Cross-checking.
3:37 of 2nd period - Mike Ribeiro wins face-off versus Mikhail Grabovski in Flames zone.
3:37 of 2nd period - Wrist shot by Alex Goligoski.
3:37 of 2nd period - Deflect By Mike Ribeiro.
3:37 of 2nd period - Shot Blocked by Mikhail Grabovski.
3:37 of 2nd period - Puck is out of play.
3:38 of 2nd period - Mikhail Grabovski wins face-off versus Mike Ribeiro in Flames zone.
3:38 of 2nd period - Mikhail Grabovski is hit by Milan Michalek.
4:14 of 2nd period - Slapshot by Alex Goligoski.
4:14 of 2nd period - Goal by Alex Goligoski - Canucks : 1 - Flames : 0.
4:15 of 2nd period - Eric Staal wins face-off versus Mike Ribeiro in neutral zone.
4:28 of 2nd period - Wrist shot by Mike Ribeiro.
4:28 of 2nd period - Shot Misses the Net.
5:46 of 2nd period - Marcel Goc is hit by Mike Ribeiro and loses puck.
5:59 of 2nd period - Snap shot by Matt Stajan.
5:59 of 2nd period - Stopped by Pekka Rinne without a rebound.
6:00 of 2nd period - Patrik Berglund wins face-off versus Matt Stajan in Flames zone.
6:04 of 2nd period - Icing by Brad Marchand.
6:05 of 2nd period - Patrik Berglund wins face-off versus Matt Stajan in Flames zone.
6:47 of 2nd period - Slapshot by Brad Marchand.
6:47 of 2nd period - Stopped by Carey Price without a rebound.
6:48 of 2nd period - Eric Staal wins face-off versus Clarke MacArthur in Canucks zone.
6:51 of 2nd period - Snap shot by David Backes.
6:51 of 2nd period - Stopped by Carey Price without a rebound.
6:52 of 2nd period - Eric Staal wins face-off versus Matt Stajan in Canucks zone.
6:53 of 2nd period - Snap shot by David Backes.
6:53 of 2nd period - Goal by David Backes - Canucks : 1 - Flames : 1.
6:54 of 2nd period - Alexander Semin wins face-off versus Mike Ribeiro in neutral zone.
7:02 of 2nd period - Derek Meech is hit by Ben Lovejoy.
7:20 of 2nd period - Patrik Berglund is hit by Clarke MacArthur and loses puck.
7:30 of 2nd period - Minor Penalty to Matt Stajan for Cross-checking.
7:31 of 2nd period - Eric Staal wins face-off versus Mike Ribeiro in Canucks zone.
8:01 of 2nd period - Erik Johnson is hit by Ben Lovejoy and loses puck.
8:05 of 2nd period - Icing by Steve Regier.
8:06 of 2nd period - Mike Ribeiro wins face-off versus Patrik Berglund in Flames zone.
9:30 of 2nd period - Penalty to Matt Stajan is over, Matt Stajan is back on ice.
9:55 of 2nd period - Penalty Shot by Lubomir Visnovsky for Flames.
9:55 of 2nd period - Snap shot by Lubomir Visnovsky.
9:55 of 2nd period - Goal by Lubomir Visnovsky - Canucks : 1 - Flames : 2.
9:56 of 2nd period - Eric Staal wins face-off versus Maxim Lapierre in neutral zone.
9:57 of 2nd period - Mike Ribeiro wins face-off versus Eric Staal in Flames zone.
10:45 of 2nd period - Slapshot by Lubomir Visnovsky.
10:45 of 2nd period - Stopped by Carey Price without a rebound.
10:46 of 2nd period - Maxim Lapierre wins face-off versus Mikhail Grabovski in Canucks zone.
10:54 of 2nd period - Snap shot by Ryan Hollweg.
10:54 of 2nd period - Stopped by Pekka Rinne with a rebound.
10:56 of 2nd period - Slapshot by Maxim Lapierre.
10:56 of 2nd period - Shot Misses the Net.
11:00 of 2nd period - Wrist shot by Rene Bourque.
11:00 of 2nd period - Shot Blocked by Mikhail Grabovski.
11:02 of 2nd period - Snap shot by Rene Bourque.
11:02 of 2nd period - Shot Misses the Net.
11:20 of 2nd period - Snap shot by David Backes.
11:20 of 2nd period - Shot Misses the Net.
11:22 of 2nd period - Snap shot by David Backes.
11:22 of 2nd period - Deflect By Jamie McBain.
11:22 of 2nd period - Goal by David Backes - Canucks : 1 - Flames : 3.
11:23 of 2nd period - Mike Ribeiro wins face-off versus Eric Staal in neutral zone.
11:26 of 2nd period - Slapshot by Ben Lovejoy.
11:26 of 2nd period - Stopped by Pekka Rinne with a rebound.
12:11 of 2nd period - Michel Ouellet is hit by Rene Bourque and loses puck.
13:08 of 2nd period - Alex Goligoski is hit by Steve Eminger and loses puck.
13:11 of 2nd period - Slapshot by Ben Lovejoy.
13:11 of 2nd period - Stopped by Pekka Rinne without a rebound.
13:12 of 2nd period - Milan Michalek wins face-off versus Mikhail Grabovski in Flames zone.
13:13 of 2nd period - Wrist shot by Mike Ribeiro.
13:13 of 2nd period - Shot Misses the Net.
13:35 of 2nd period - Minor Penalty to Mikhail Grabovski for Hooking.
13:36 of 2nd period - Brad Marchand wins face-off versus Mike Ribeiro in Flames zone.
13:45 of 2nd period - Slapshot by Alex Goligoski.
13:45 of 2nd period - Deflect By Mike Ribeiro.
13:45 of 2nd period - Stopped by Pekka Rinne without a rebound.
13:46 of 2nd period - Mike Ribeiro wins face-off versus David Backes in Flames zone.
14:01 of 2nd period - Snap shot by Maxim Afinogenov.
14:01 of 2nd period - Shot Misses the Net.
14:11 of 2nd period - Backhand shot by Alex Goligoski.
14:11 of 2nd period - Shot Misses the Net.
14:17 of 2nd period - Snap shot by Brad Marchand.
14:17 of 2nd period - Stopped by Carey Price with a rebound.
14:19 of 2nd period - Slapshot by Alexander Semin.
14:19 of 2nd period - Stopped by Carey Price with a rebound.
15:35 of 2nd period - Penalty to Mikhail Grabovski is over, Mikhail Grabovski is back on ice.
17:03 of 2nd period - Eric Staal is hit by Matt Stajan and loses puck.
17:22 of 2nd period - Snap shot by Marcel Goc.
17:22 of 2nd period - Shot Misses the Net.
17:59 of 2nd period - Cameron Schilling is hit by Jonathan Ferland and loses puck.
18:06 of 2nd period - Slapshot by Noah Welch.
18:06 of 2nd period - Shot Misses the Net.
19:59 of 2nd period - Icing by Mikhail Grabovski.
Goals for this period are 1 for Canucks vs 3 for Flames.
Shots for this period are 9 for Canucks vs 8 for Flames.

3rd period


0:01 of 3rd period - Eric Staal wins face-off versus Maxim Afinogenov in neutral zone.
0:18 of 3rd period - Maxim Afinogenov is hit by Eric Staal and loses puck.
0:35 of 3rd period - Snap shot by Jiri Hudler.
0:35 of 3rd period - Shot Misses the Net.
0:37 of 3rd period - Snap shot by Clarke MacArthur.
0:37 of 3rd period - Goal by Clarke MacArthur - Canucks : 2 - Flames : 3.
0:38 of 3rd period - Mike Ribeiro wins face-off versus Eric Staal in neutral zone.
0:40 of 3rd period - Off-side.
0:41 of 3rd period - Mike Ribeiro wins face-off versus David Backes in neutral zone.
0:52 of 3rd period - Wrist shot by Milan Michalek.
0:52 of 3rd period - Stopped by Pekka Rinne with a rebound.
1:30 of 3rd period - Snap shot by Nikolai Zherdev.
1:30 of 3rd period - Shot Misses the Net.
2:17 of 3rd period - Minor Penalty to Steve Regier for Goalie Interference.
2:18 of 3rd period - Milan Michalek wins face-off versus David Backes in Flames zone.
2:21 of 3rd period - Slapshot by Alex Goligoski.
2:21 of 3rd period - Shot Blocked by Steve Eminger.
2:37 of 3rd period - Minor Penalty to Ben Lovejoy for Tripping.
2:38 of 3rd period - Alexander Semin wins face-off versus Mike Ribeiro in Canucks zone.
2:52 of 3rd period - Eric Staal is hit by Matt Stajan.
3:25 of 3rd period - Snap shot by Patrik Berglund.
3:25 of 3rd period - Stopped by Carey Price without a rebound.
3:26 of 3rd period - Patrik Berglund wins face-off versus Milan Michalek in Canucks zone.
3:31 of 3rd period - Snap shot by Jordin Tootoo.
3:31 of 3rd period - Stopped by Carey Price with a rebound.
3:35 of 3rd period - Wrist shot by Jordin Tootoo.
3:35 of 3rd period - Shot Misses the Net.
3:57 of 3rd period - Snap shot by Milan Michalek.
3:57 of 3rd period - Shot Misses the Net.
3:59 of 3rd period - Slapshot by Tom Poti.
3:59 of 3rd period - Stopped by Pekka Rinne without a rebound.
4:00 of 3rd period - Mike Ribeiro wins face-off versus Eric Staal in Flames zone.
4:17 of 3rd period - Penalty to Steve Regier is over, Steve Regier is back on ice.
4:37 of 3rd period - Penalty to Ben Lovejoy is over, Ben Lovejoy is back on ice.
4:49 of 3rd period - Snap shot by Ben Lovejoy.
4:49 of 3rd period - Shot Blocked by Steve Eminger.
4:51 of 3rd period - Slapshot by Milan Michalek.
4:51 of 3rd period - Stopped by Pekka Rinne without a rebound.
4:52 of 3rd period - Patrik Berglund wins face-off versus Maxim Lapierre in Flames zone.
5:01 of 3rd period - Snap shot by Brad Marchand.
5:01 of 3rd period - Shot Misses the Net.
5:34 of 3rd period - Ben Lovejoy is hit by Derek Meech.
5:58 of 3rd period - Icing by Matt Stajan.
5:59 of 3rd period - Patrik Berglund wins face-off versus Ryan Hollweg in Canucks zone.
6:02 of 3rd period - Wrist shot by Brad Marchand.
6:02 of 3rd period - Deflect By Jordin Tootoo.
6:02 of 3rd period - Stopped by Carey Price without a rebound.
6:03 of 3rd period - Mike Ribeiro wins face-off versus Eric Staal in Canucks zone.
6:12 of 3rd period - Lasse Kukkonen is hit by Brendan Mikkelson and loses puck.
6:41 of 3rd period - Patrik Berglund is hit by Clarke MacArthur and loses puck.
6:58 of 3rd period - Snap shot by Steve Regier.
6:58 of 3rd period - Shot Blocked by Ben Lovejoy.
7:22 of 3rd period - Slapshot by Maxim Lapierre.
7:22 of 3rd period - Stopped by Pekka Rinne with a rebound.
7:24 of 3rd period - Snap shot by Patrik Elias.
7:24 of 3rd period - Stopped by Pekka Rinne with a rebound.
7:26 of 3rd period - Snap shot by Mike Ribeiro.
7:26 of 3rd period - Goal by Mike Ribeiro - Canucks : 3 - Flames : 3.
7:27 of 3rd period - Eric Staal wins face-off versus Mike Ribeiro in neutral zone.
7:40 of 3rd period - Slapshot by Alex Goligoski.
7:40 of 3rd period - Deflect By Alexander Semin.
7:40 of 3rd period - Stopped by Pekka Rinne without a rebound.
7:41 of 3rd period - Mike Ribeiro wins face-off versus David Backes in Flames zone.
7:44 of 3rd period - Backhand shot by Milan Michalek.
7:44 of 3rd period - Stopped by Pekka Rinne without a rebound.
7:45 of 3rd period - Mike Ribeiro wins face-off versus Eric Staal in Flames zone.
7:45 of 3rd period - Alex Goligoski is hit by David Backes and loses puck.
8:29 of 3rd period - Snap shot by Mike Ribeiro.
8:29 of 3rd period - Shot Misses the Net.
8:41 of 3rd period - Off-side.
8:42 of 3rd period - Eric Staal wins face-off versus Clarke MacArthur in neutral zone.
9:53 of 3rd period - Snap shot by Alex Goligoski.
9:53 of 3rd period - Shot Blocked by Mikhail Grabovski.
9:55 of 3rd period - Slapshot by Alex Goligoski.
9:55 of 3rd period - Stopped by Pekka Rinne with a rebound.
9:57 of 3rd period - Wrist shot by Patrik Elias.
9:57 of 3rd period - Shot Misses the Net.
10:06 of 3rd period - Ron Hainsey is hit by Lasse Kukkonen and loses puck.
10:09 of 3rd period - Slapshot by Brendan Mikkelson.
10:09 of 3rd period - Stopped by Carey Price without a rebound.
10:10 of 3rd period - Matt Stajan wins face-off versus Eric Staal in Canucks zone.
10:17 of 3rd period - Wrist shot by Clarke MacArthur.
10:17 of 3rd period - Shot Misses the Net.
10:23 of 3rd period - Matt Stajan is hit by Lubomir Visnovsky and loses puck.
10:40 of 3rd period - Jordin Tootoo is hit by Milan Michalek and loses puck.
10:49 of 3rd period - Maxim Afinogenov is hit by Lubomir Visnovsky and loses puck.
11:00 of 3rd period - Snap shot by Michel Ouellet.
11:00 of 3rd period - Shot Misses the Net.
11:02 of 3rd period - Snap shot by Marcel Goc.
11:02 of 3rd period - Shot Misses the Net.
11:06 of 3rd period - Snap shot by Marcel Goc.
11:06 of 3rd period - Shot Misses the Net.
11:08 of 3rd period - Snap shot by Steve Regier.
11:08 of 3rd period - Shot Hit the Post.
11:10 of 3rd period - Slapshot by Erik Johnson.
11:10 of 3rd period - Stopped by Carey Price with a rebound.
11:22 of 3rd period - Snap shot by Matt Stajan.
11:22 of 3rd period - Goal by Matt Stajan - Canucks : 4 - Flames : 3.
11:23 of 3rd period - Alexander Semin wins face-off versus Mike Ribeiro in neutral zone.
11:31 of 3rd period - Ben Lovejoy is hit by Lubomir Visnovsky.
12:31 of 3rd period - Minor Penalty to Milan Michalek for Hooking.
12:32 of 3rd period - Rene Bourque wins face-off versus Eric Staal in Canucks zone.
12:41 of 3rd period - Slapshot by Derek Meech.
12:41 of 3rd period - Goal by Derek Meech - Canucks : 4 - Flames : 4.
12:42 of 3rd period - Matt Stajan wins face-off versus Eric Staal in neutral zone.
13:13 of 3rd period - Snap shot by Maxim Lapierre.
13:13 of 3rd period - Shot Misses the Net.
13:15 of 3rd period - Slapshot by Sami Lepisto.
13:15 of 3rd period - Stopped by Pekka Rinne without a rebound.
13:16 of 3rd period - Maxim Lapierre wins face-off versus Patrik Berglund in Flames zone.
13:23 of 3rd period - Slapshot by Maxim Lapierre.
13:23 of 3rd period - Shot Blocked by Patrik Berglund.
14:10 of 3rd period - Lubomir Visnovsky is hit by Rene Bourque and loses puck.
14:21 of 3rd period - Slapshot by Maxim Lapierre.
14:21 of 3rd period - Shot Blocked by Lubomir Visnovsky.
14:23 of 3rd period - Slapshot by Sami Lepisto.
14:23 of 3rd period - Stopped by Pekka Rinne with a rebound.
14:25 of 3rd period - Slapshot by Sami Lepisto.
14:25 of 3rd period - Shot Misses the Net.
14:27 of 3rd period - Snap shot by Ryan Hollweg.
14:27 of 3rd period - Deflect By Maxim Lapierre.
14:27 of 3rd period - Stopped by Pekka Rinne with a rebound.
14:29 of 3rd period - Slapshot by Tom Poti.
14:29 of 3rd period - Stopped by Pekka Rinne with a rebound.
14:31 of 3rd period - Slapshot by Sami Lepisto.
14:31 of 3rd period - Stopped by Pekka Rinne without a rebound.
14:32 of 3rd period - Patrik Berglund wins face-off versus Mike Ribeiro in Flames zone.
14:37 of 3rd period - Wrist shot by Jordin Tootoo.
14:37 of 3rd period - Stopped by Carey Price with a rebound.
14:39 of 3rd period - Snap shot by Derek Meech.
14:39 of 3rd period - Shot Misses the Net.
14:57 of 3rd period - Ben Lovejoy is hit by Erik Johnson and loses puck.
15:04 of 3rd period - Snap shot by Alex Goligoski.
15:04 of 3rd period - Shot Misses the Net.
15:06 of 3rd period - Slapshot by Lasse Kukkonen.
15:06 of 3rd period - Shot Blocked by Michel Ouellet.
15:08 of 3rd period - Slapshot by Jamie McBain.
15:08 of 3rd period - Stopped by Pekka Rinne with a rebound.
16:13 of 3rd period - Icing by Jamie McBain.
16:14 of 3rd period - Eric Staal wins face-off versus Mike Ribeiro in Canucks zone.
16:17 of 3rd period - Snap shot by Alexander Semin.
16:17 of 3rd period - Stopped by Carey Price with a rebound.
17:10 of 3rd period - Off-side.
17:11 of 3rd period - Ryan Hollweg wins face-off versus Patrik Berglund in neutral zone.
17:18 of 3rd period - Wrist shot by Maxim Afinogenov.
17:18 of 3rd period - Stopped by Pekka Rinne with a rebound.
18:00 of 3rd period - Slapshot by Jamie McBain.
18:00 of 3rd period - Stopped by Pekka Rinne without a rebound.
18:01 of 3rd period - Michel Ouellet wins face-off versus Milan Michalek in Flames zone.
18:14 of 3rd period - Snap shot by Maxim Afinogenov.
18:14 of 3rd period - Stopped by Pekka Rinne with a rebound.
18:16 of 3rd period - Slapshot by Lasse Kukkonen.
18:16 of 3rd period - Shot Blocked by Steve Eminger.
18:30 of 3rd period - Backhand shot by Jiri Hudler.
18:30 of 3rd period - Stopped by Pekka Rinne without a rebound.
18:31 of 3rd period - Eric Staal wins face-off versus Mike Ribeiro in Flames zone.
18:44 of 3rd period - Maxim Afinogenov is hit by Alexander Semin and loses puck.
19:05 of 3rd period - Snap shot by Matt Stajan.
19:05 of 3rd period - Shot Misses the Net.
Goals for this period are 3 for Canucks vs 1 for Flames.
Shots for this period are 21 for Canucks vs 8 for Flames.

Overtime #1


0:01 of 1st overtime period - Eric Staal wins face-off versus Matt Stajan in neutral zone.
0:04 of 1st overtime period - Alex Goligoski is hit by Eric Staal and loses puck.
0:49 of 1st overtime period - Slapshot by Steve Eminger.
0:49 of 1st overtime period - Stopped by Carey Price with a rebound.
0:51 of 1st overtime period - Wrist shot by Patrik Berglund.
0:51 of 1st overtime period - Shot Blocked by Alex Goligoski.
1:15 of 1st overtime period - Snap shot by Brad Marchand.
1:15 of 1st overtime period - Stopped by Carey Price with a rebound.
1:17 of 1st overtime period - Snap shot by Jordin Tootoo.
1:17 of 1st overtime period - Shot Misses the Net.
1:33 of 1st overtime period - Slapshot by Jamie McBain.
1:33 of 1st overtime period - Stopped by Pekka Rinne without a rebound.
1:34 of 1st overtime period - Ryan Hollweg wins face-off versus Eric Staal in Flames zone.
2:18 of 1st overtime period - Icing by Brad Marchand.
2:19 of 1st overtime period - Brad Marchand wins face-off versus Mike Ribeiro in Flames zone.
3:35 of 1st overtime period - Maxim Lapierre is hit by Brad Marchand and loses puck.
4:11 of 1st overtime period - Jordin Tootoo is hit by Alex Goligoski and loses puck.
Goals for this period are 0 for Canucks vs 0 for Flames.
Shots for this period are 1 for Canucks vs 2 for Flames.

ShootOut


5:00 of 1st overtime period - Penalty Shot by Mike Ribeiro for Canucks.
5:00 of 1st overtime period - Backhand shot by Mike Ribeiro.
5:00 of 1st overtime period - Goal by Mike Ribeiro.
5:00 of 1st overtime period - Penalty Shot by Eric Staal for Flames.
5:00 of 1st overtime period - Deke by Eric Staal.
5:00 of 1st overtime period - Goal by Eric Staal.
5:00 of 1st overtime period - Penalty Shot by Matt Stajan for Canucks.
5:00 of 1st overtime period - Backhand shot by Matt Stajan.
5:00 of 1st overtime period - Stopped by Pekka Rinne.
5:00 of 1st overtime period - Penalty Shot by Alexander Semin for Flames.
5:00 of 1st overtime period - Wrist shot by Alexander Semin.
5:00 of 1st overtime period - Stopped by Carey Price.
5:00 of 1st overtime period - Penalty Shot by Milan Michalek for Canucks.
5:00 of 1st overtime period - Snap shot by Milan Michalek.
5:00 of 1st overtime period - Goal by Milan Michalek.
5:00 of 1st overtime period - Penalty Shot by David Backes for Flames.
5:00 of 1st overtime period - Wrist shot by David Backes.
5:00 of 1st overtime period - Goal by David Backes.
5:00 of 1st overtime period - Penalty Shot by Clarke MacArthur for Canucks.
5:00 of 1st overtime period - Snap shot by Clarke MacArthur.
5:00 of 1st overtime period - Shot Misses the Net.
5:00 of 1st overtime period - Penalty Shot by Patrik Berglund for Flames.
5:00 of 1st overtime period - Deke by Patrik Berglund.
5:00 of 1st overtime period - Shot Misses the Net.
5:00 of 1st overtime period - Penalty Shot by Maxim Afinogenov for Canucks.
5:00 of 1st overtime period - Snap shot by Maxim Afinogenov.
5:00 of 1st overtime period - Goal by Maxim Afinogenov.
5:00 of 1st overtime period - Penalty Shot by Brad Marchand for Flames.
5:00 of 1st overtime period - Wrist shot by Brad Marchand.
5:00 of 1st overtime period - Stopped by Carey Price.